[Event "fics rated crazyhouse match"]
[Site "fics, Oklahoma City, OK USA"]
[Date "2000.09.20"]
[White "TheLongOne"]
[WhiteElo "2159"]
[Black "LSS"]
[BlackElo "2404"]
[TimeControl "180+0"]
[Result "0-1"]

1. e4 e5 2. Nf3 Nc6 3. Bc4 Bc5 4. c3 Bxf2+ 5. Kxf2 Nf6 6. d3 
O-O 7. Rf1 d5 8. exd5 Nxd5 9. B@g5 P@f6 10. Bxd5 Qxd5 11. P@e4 Qd8 
12. Bxf6 gxf6 13. P@g7 Kxg7 14. N@h5+ Kg8 15. Nh4 P@g7 16. Nf5 Bxf5 17. exf5 
B@b6+ 18. B@e3 P@f4 19. Bxb6 axb6 20. Nxg7 Kxg7 21. Qg4+ B@g5 22. h4 N@h6 
23. Qh5 B@g3+ 24. Kg1 B3xh4 25. P@g6 fxg6 26. fxg6 hxg6 27. Qxh6+ Kxh6 28. B@g7+ 
Kh7 29. Bxf8 Qxf8 30. P@h2 N@e2+ 31. Kh1 P@f2 32. N@f3 P@g4 33. R@d7+ P@g7 
34. Nxg5+ Bxg5 
{TheLongOne resigns} 0-1

[Event "fics rated crazyhouse match"]
[Site "fics, Oklahoma City, OK USA"]
[Date "2000.09.20"]
[White "LSS"]
[WhiteElo "2407"]
[Black "TheLongOne"]
[BlackElo "2156"]
[TimeControl "180+0"]
[Result "1-0"]

1. e4 e6 2. d4 d5 3. exd5 exd5 4. Bb5+ Nc6 5. Qe2+ Qe7 6. Nc3 
Nf6 7. P@e5 P@b4 8. exf6 Qxe2+ 9. Ngxe2 bxc3 10. Nxc3 Bd7 11. Nxd5 Q@a5+ 
12. Bd2 Qxb5 13. Nxc7+ Kd8 14. Nxb5 B@b6 
{TheLongOne resigns} 1-0

[Event "fics rated crazyhouse match"]
[Site "fics, Oklahoma City, OK USA"]
[Date "2000.09.20"]
[White "TheLongOne"]
[WhiteElo "2153"]
[Black "LSS"]
[BlackElo "2410"]
[TimeControl "180+0"]
[Result "1-0"]

1. e4 e6 2. d4 b6 3. Nf3 Bb7 4. Bd3 d6 5. Nc3 Qd7 6. d5 
a6 7. dxe6 fxe6 8. P@d5 P@f7 9. dxe6 fxe6 10. P@d5 P@f7 11. dxe6 Qxe6 
12. Ng5 Qe7 13. P@b5 axb5 14. Nxb5 P@f6 15. Nxf7 Qxf7 16. P@e6 Qe7 17. P@f7+ 
Kd8 18. fxg8=Q Rxg8 19. Nxc7 Kxc7 20. N@b5+ Kc8 21. P@d7+ Nxd7 22. exd7+ Qxd7 
23. Be3 P@c7 24. Bc4 P@f7 25. a4 N@h4 26. Rg1 P@h3 27. Qh5 Nxg2+ 28. Rxg2 
hxg2 29. O-O-O R@a1+ 30. N@b1 P@a2 31. Bxa2 Rxa2 32. Qxh7 P@e2 33. Re1 N@e7 
34. N@f5 Nxf5 35. exf5 N@e7 36. N@d4 R8xa4 37. P@e6 fxe6 38. fxe6 Qd8 39. P@d7+ 
Kb8 40. P@f7 Ra1 41. fxg8=Q P@a2 42. Kd2 axb1=Q 43. Rxb1 Rxb1 44. R@c1 Rxc1 
45. Nxe2 R@d1+ 46. Kc3 
{LSS forfeits on time} 1-0

[Event "fics rated crazyhouse match"]
[Site "fics, Oklahoma City, OK USA"]
[Date "2000.09.20"]
[White "LSS"]
[WhiteElo "2397"]
[Black "TheLongOne"]
[BlackElo "2166"]
[TimeControl "180+0"]
[Result "1-0"]

1. e4 e6 2. Nf3 Nf6 3. e5 Nd5 4. Nc3 d6 5. Nxd5 dxe5 6. Nc3 
P@b4 7. Nxe5 bxc3 8. bxc3 Qf6 9. d4 Nc6 10. N@g4 Qf5 11. Bd3 N@e4 
12. O-O Nxe5 13. Nxe5 N@h4 14. P@f3 Nxc3 15. Bxf5 Nxd1 16. Bg5 P@f6 17. Bxh4 
exf5 18. Nxf7 Kxf7 19. N@e5+ fxe5 20. N@d8+ Ke8 21. Q@f7# 
{TheLongOne checkmated} 1-0

[Event "fics rated crazyhouse match"]
[Site "fics, Oklahoma City, OK USA"]
[Date "2000.09.20"]
[White "TheLongOne"]
[WhiteElo "2163"]
[Black "LSS"]
[BlackElo "2400"]
[TimeControl "180+0"]
[Result "0-1"]

1. e4 c6 2. c3 Na6 3. Bxa6 bxa6 4. d4 d6 5. Nf3 Rb8 6. O-O 
Bg4 7. h3 Bh5 8. d5 cxd5 9. exd5 B@b5 10. N@c6 Qc7 11. Nxb8 Qxb8 
12. P@c6 Nf6 13. Re1 g6 14. Qd4 Bg7 15. Bg5 O-O 16. Rxe7 Bxf3 17. Bxf6 
N@e2+ 18. Rxe2 Bxf6 19. Qxf6 P@h2+ 20. Kxh2 B@f4+ 21. P@g3 Bxg3+ 22. fxg3 N@f1+ 
23. Kh1 Nxg3+ 24. Kh2 Nf1+ 25. Kg1 Qb6+ 26. B@f2 P@h2+ 27. Kxf1 h1=Q+ 28. R@g1 
Bbxe2+ 29. Ke1 R@d1# 
{TheLongOne checkmated} 0-1

[Event "fics rated crazyhouse match"]
[Site "fics, Oklahoma City, OK USA"]
[Date "2000.09.20"]
[White "LSS"]
[WhiteElo "2403"]
[Black "TheLongOne"]
[BlackElo "2160"]
[TimeControl "180+0"]
[Result "1-0"]

1. e4 e6 2. d4 Nf6 3. Bd3 Nc6 4. c3 d5 5. e5 Ne4 6. Nh3 
Be7 7. O-O h6 8. Nd2 Bg5 9. Nxe4 Bxc1 10. N@f6+ gxf6 11. Nxf6+ Qxf6 
12. exf6 B@g5 13. Rxc1 N@h4 14. Nxg5 hxg5 15. B@b5 N@f5 16. P@g7 Rg8 17. B@g4 
a6 18. Bxc6+ bxc6 19. Bdxf5 B@d8 20. Bh7 Bxf6 21. Bxg8 N@g6 22. Q@h6 Bd7 
23. N@c5 Bxg7 24. Qxg7 Kd8 25. N@b7+ Kc8 26. R@d8# 
{TheLongOne checkmated} 1-0

[Event "fics rated crazyhouse match"]
[Site "fics, Oklahoma City, OK USA"]
[Date "2000.09.20"]
[White "TheLongOne"]
[WhiteElo "2157"]
[Black "LSS"]
[BlackElo "2406"]
[TimeControl "180+0"]
[Result "0-1"]

1. e4 e6 2. c3 d5 3. e5 c5 4. d4 Bd7 5. Nf3 Nc6 6. dxc5 
Bxc5 7. P@d6 P@f6 8. Be3 Bxe3 9. fxe3 fxe5 10. B@h4 B@f6 11. Bxf6 Nxf6 
12. Bb5 O-O 13. Bxc6 Bxc6 14. B@e7 Ng4 15. Bxd8 B@f2+ 16. Ke2 Bb5+ 17. N@d3 
e4 18. Nd4 Bxd3+ 19. Kd2 Bxe3+ 20. Ke1 P@f2# 
{TheLongOne checkmated} 0-1

[Event "fics rated crazyhouse match"]
[Site "fics, Oklahoma City, OK USA"]
[Date "2000.09.20"]
[White "LSS"]
[WhiteElo "2409"]
[Black "ACC"]
[BlackElo "2209"]
[TimeControl "180+0"]
[Result "1-0"]

1. e4 e6 2. Nc3 d5 3. exd5 exd5 4. Bb5+ P@c6 5. Be2 Nf6 6. d4 
Be7 7. Nf3 O-O 8. P@h6 gxh6 9. Bxh6 Re8 10. Ne5 Be6 11. O-O P@d6 
12. Nf3 Ng4 13. Bd2 Nd7 14. h3 Ngf6 15. Ng5 Bf8 16. Nxe6 fxe6 17. B@h5 
N@g6 18. Bg5 Bg7 19. Bd3 e5 20. Bdxg6 hxg6 21. Bxg6 B@f7 22. Bxf7+ Kxf7 
23. P@f5 B@h5 24. B@e6+ Rxe6 25. fxe6+ Kxe6 26. P@f5+ Kxf5 27. Qxh5 Nxh5 28. Bxd8 
P@h2+ 29. Kxh2 B@f4+ 30. P@g3 Rxd8 31. B@g4+ Kf6 32. Q@f5+ Ke7 33. R@e6# 
{ACC checkmated} 1-0

[Event "fics rated crazyhouse match"]
[Site "fics, Oklahoma City, OK USA"]
[Date "2000.09.21"]
[White "ronenl"]
[WhiteElo "2264"]
[Black "spurs"]
[BlackElo "2301"]
[TimeControl "60+0"]
[Result "0-1"]

1. e4 e6 2. Nc3 d5 3. exd5 exd5 4. Bb5+ P@c6 5. Qe2+ Be7 6. d4 
Nf6 7. Bd3 Bg4 8. f3 Be6 9. Bg5 Nbd7 10. Bxf6 Nxf6 11. P@f5 Bd7 
12. Nh3 Nh5 13. Ng5 B@h4+ 14. N@g3 Bxg5 15. Nxh5 Rg8 16. h4 Bxh4+ 17. Rxh4 
Kf8 18. Nxg7 Bxh4+ 19. P@f2 R@g1+ 20. Kd2 Rxg7 21. B@h6 Bg5+ 22. Bxg5 Qxg5+ 
23. B@e3 Qxg2 24. Rxg1 Qxg1 25. Bh6 B@c1# 
{ronenl checkmated} 0-1

[Event "fics rated crazyhouse match"]
[Site "fics, Oklahoma City, OK USA"]
[Date "2000.09.21"]
[White "spurs"]
[WhiteElo "2311"]
[Black "ronenl"]
[BlackElo "2257"]
[TimeControl "60+0"]
[Result "0-1"]

1. d4 e6 2. Nf3 d5 3. Nc3 Be7 4. Bf4 Nf6 5. e3 O-O 6. Bb5 
Bd7 7. Bxd7 Nbxd7 8. Ne5 B@h5 9. B@f3 Nxe5 10. dxe5 Bxf3 11. Qxf3 B@h5 
12. Qg3 N@e4 13. N@h6+ Kh8 14. exf6 Bxf6 15. Qh3 Bxc3+ 16. bxc3 P@d2+ 17. Kf1 
d1=Q+ 18. Rxd1 Bxd1 19. Nxf7+ Rxf7 20. N@g6+ Kg8 21. B@f3 N@d2+ 22. Ke1 Bxf3 
23. gxf3 R@c1+ 24. B@d1 N@b2 25. Ke2 Nxd1 26. Rxd1 Rxd1 27. Kxd1 R@f1+ 28. Ke2 
Rxf2+ 29. Kd1 P@e2+ 30. Kc1 e1=Q+ 31. Kb2 B@a3+ 32. Kxa3 Qf8+ 33. B@b4 Qc1+ 
34. P@b2 Qxb2+ 35. Kxb2 Qxb4+ 36. cxb4 B@a3+ 37. Kxa3 B@c1+ 38. Ka4 Rxf4 39. Kb5 
Kf7 40. Ka5 c6 41. b5 B@a6 42. Ka4 Kf6 43. Kb4 Kf7 44. Ka5 Nc3 
{spurs forfeits on time} 0-1

[Event "fics rated crazyhouse match"]
[Site "fics, Oklahoma City, OK USA"]
[Date "2000.09.21"]
[White "ronenl"]
[WhiteElo "2266"]
[Black "spurs"]
[BlackElo "2299"]
[TimeControl "60+0"]
[Result "1-0"]

1. e4 e6 2. Nc3 d5 3. exd5 exd5 4. d4 Bb4 5. Nf3 Qe7+ 6. Be2 
Bg4 7. O-O Bxc3 8. bxc3 Bxf3 9. Bxf3 P@e4 10. Bg4 Nf6 11. B@b4 N@d6 
12. Bxd6 cxd6 13. N@f5 B@d7 14. Nxe7 Bxg4 15. Nxd5 O-O 16. Nxf6+ gxf6 17. Qxg4+ 
B@g6 18. N@h6+ Kh8 19. P@g7+ Kxg7 20. Nf5# 
{spurs resigns} 1-0

[Event "fics rated crazyhouse match"]
[Site "fics, Oklahoma City, OK USA"]
[Date "2000.09.21"]
[White "ronenl"]
[WhiteElo "2283"]
[Black "spurs"]
[BlackElo "2278"]
[TimeControl "60+0"]
[Result "1-0"]

1. e4 e6 2. Nc3 d5 3. exd5 exd5 4. d4 Bb4 5. Nf3 Qe7+ 6. Be2 
Bxc3+ 7. bxc3 Bg4 8. B@b4 P@h3 9. Bxe7 Nxe7 10. Ne5 hxg2 11. Rg1 Bxe2 
12. Qxe2 B@e4 13. B@a4+ P@c6 14. P@e6 fxe6 15. Q@f7+ Kd8 16. Qxg7 Rg8 17. Qxg8+ 
Nxg8 18. P@f7 N@f3+ 19. Nxf3 Bxf3 20. fxg8=Q+ B@e8 21. R@c8+ Kxc8 22. Qxe8+ R@d8 
23. N@e7# 
{spurs checkmated} 1-0

[Event "fics rated crazyhouse match"]
[Site "fics, Oklahoma City, OK USA"]
[Date "2000.09.21"]
[White "spurs"]
[WhiteElo "2269"]
[Black "ronenl"]
[BlackElo "2291"]
[TimeControl "60+0"]
[Result "1-0"]

1. d4 e6 2. Nf3 Nf6 3. Bg5 Be7 4. Bxf6 Bxf6 5. Nc3 d6 6. e4 
Nc6 7. Bb5 O-O 8. Bxc6 bxc6 9. e5 Bg5 10. N@h5 B@g4 11. Nxg7 Bxf3 
12. Qxf3 N@h4 13. Qg3 B@f4 14. Qxh4 Bxh4 15. B@f6 Bxf6 16. exf6 Qxf6 17. Nh5 
P@d2+ 18. Kf1 Ba6+ 19. P@d3 Q@e1+ 20. Rxe1 dxe1=Q+ 21. Kxe1 B@d2+ 22. Ke2 R@e5+ 
23. dxe5 Qxe5+ 24. B@e4 Qxh5+ 25. P@f3 N@d4+ 26. Kd1 Bxc3 27. N@f6+ Kh8 28. Q@g7+ 
Kxg7 29. Nxh5+ Kh6 30. Q@g7+ Kxh5 31. R@h3+ P@h4 32. Qxh7+ N@h6 33. Rxh4+ Kxh4 
34. P@g3+ Kh5 35. P@g4# 
{ronenl forfeits on time} 1-0

[Event "fics rated crazyhouse match"]
[Site "fics, Oklahoma City, OK USA"]
[Date "2000.09.21"]
[White "ronenl"]
[WhiteElo "2283"]
[Black "spurs"]
[BlackElo "2279"]
[TimeControl "60+0"]
[Result "0-1"]

1. e4 e6 2. Nc3 d5 3. exd5 exd5 4. Bb5+ Nc6 5. Qe2+ Be7 6. d4 
Nf6 7. h3 O-O 8. P@e5 Ne4 9. Bxc6 Nxc3 10. bxc3 bxc6 11. Nf3 B@b5 
12. N@d3 Bca6 13. N@b4 Bxd3 14. cxd3 Bxb4 15. cxb4 Bxd3 16. Qxd3 P@e4 17. Qe2 
exf3 18. gxf3 N@g2+ 19. Kf1 N@f4 20. Bxf4 Nxf4 21. Rg1 N@h2+ 22. Ke1 N@g2+ 
23. Rxg2 Nxg2+ 24. Kd1 Qg5 25. B@d2 R@g1+ 26. Kc2 Qg6+ 27. B@d3 Rxa1 28. N@e7+ 
Kh8 29. Nxg6+ fxg6 30. P@f6 B@b1+ 31. Kb2 N@a4+ 32. Kxa1 P@b2+ 33. Kxb1 R@a1+ 
34. Kc2 b1=Q# 
{ronenl checkmated} 0-1

[Event "fics rated crazyhouse match"]
[Site "fics, Oklahoma City, OK USA"]
[Date "2000.09.21"]
[White "Sunsetter"]
[WhiteElo "2361"]
[Black "Sjeng"]
[BlackElo "2149"]
[TimeControl "600+5"]
[Result "0-1"]

1. Nf3 d6 2. e4 e6 3. Nc3 Nf6 4. d4 Nc6 5. d5 exd5 6. exd5 
Ne7 7. Bg5 h6 8. Bxf6 gxf6 9. Bb5+ P@c6 10. dxc6 bxc6 11. Bc4 d5 
12. Bd3 d4 13. Ne4 Nf5 14. P@g4 B@b4+ 15. c3 dxc3 16. bxc3 P@b2 17. Rb1 
P@d5 18. Ned2 Bxc3 19. Bxf5 Bxf5 20. gxf5 Bxd2+ 21. Qxd2 N@c4 22. Qe2+ P@e4 
23. B@b7 Bb4+ 24. Kd1 B@d3 25. Bxc6+ Kf8 26. P@g7+ Kxg7 27. N@h5+ Kg8 28. Qxd3 
exd3 29. P@h7+ Rxh7 30. Nxf6+ Qxf6 31. N@e7+ Qxe7 
{Sunsetter resigns} 0-1

[Event "fics rated crazyhouse match"]
[Site "fics, Oklahoma City, OK USA"]
[Date "2000.09.21"]
[White "LSS"]
[WhiteElo "2433"]
[Black "Sunsetter"]
[BlackElo "2337"]
[TimeControl "180+0"]
[Result "0-1"]

1. e4 e6 2. d4 d5 3. e5 c5 4. dxc5 Bxc5 5. P@d4 Bb4+ 6. c3 
Be7 7. Nh3 Nd7 8. Bb5 Rb8 9. O-O P@c7 10. Qg4 Bf8 11. Bg5 Ne7 
12. Nd2 h6 13. Bxe7 Qxe7 14. N@h5 B@g5 15. Nxg5 Qxg5 16. Bxd7+ Bxd7 17. N@f6+ 
gxf6 18. Nxf6+ Kd8 19. Qxg5 hxg5 20. B@e3 N@e2+ 21. Kh1 Q@g1+ 22. Rxg1 N@g3+ 
23. fxg3 Nxg3# 
{LSS checkmated} 0-1

[Event "fics rated crazyhouse match"]
[Site "fics, Oklahoma City, OK USA"]
[Date "2000.09.21"]
[White "Sunsetter"]
[WhiteElo "2347"]
[Black "LSS"]
[BlackElo "2423"]
[TimeControl "180+0"]
[Result "0-1"]

1. e4 e6 2. d4 d5 3. Nc3 Nc6 4. Nf3 a6 5. Bg5 Be7 6. Bxe7 
Ngxe7 7. Rg1 O-O 8. Rb1 f6 9. Ra1 Bd7 10. Be2 Be8 11. exd5 Nxd5 
12. Nxd5 exd5 13. P@e6 B@f5 14. N@c5 b6 15. Bd3 P@e4 16. Nb7 Qb8 17. Bxe4 
dxe4 18. P@f7+ Bxf7 19. exf7+ Rxf7 20. Nh4 B@g4 21. f3 P@e3 22. fxg4 P@f2+ 
23. Ke2 Bxg4+ 24. Kxe3 fxg1=Q+ 25. Qxg1 R@e2+ 26. Kf4 f5 27. Ng6 hxg6 28. P@e6 
N@h5+ 29. Kg5 P@h6+ 30. Kxg6 Rf6# 
{Sunsetter checkmated} 0-1

[Event "fics rated crazyhouse match"]
[Site "fics, Oklahoma City, OK USA"]
[Date "2000.09.21"]
[White "LSS"]
[WhiteElo "2429"]
[Black "Sunsetter"]
[BlackElo "2341"]
[TimeControl "180+0"]
[Result "1-0"]

1. c3 d5 2. d4 Nc6 3. Nf3 e6 4. Nbd2 Nf6 5. e3 Ng4 6. Bd3 
Nh6 7. O-O Bd6 8. Re1 Ng4 9. h3 Nf6 10. e4 dxe4 11. Nxe4 Nxe4 
12. Bxe4 Bd7 13. N@h5 Bf8 14. Bg5 P@f6 15. Bxf6 gxf6 16. P@g7 Bxg7 17. Nxg7+ 
Kf8 18. B@h6 Ke7 19. d5 exd5 20. Bxd5+ P@e5 21. Bxc6 Bxc6 22. N@f5+ Kf8 
23. Ne6+ Kg8 24. Qxd8+ Rxd8 25. Ne7# 
{Sunsetter checkmated} 1-0

[Event "fics rated crazyhouse match"]
[Site "fics, Oklahoma City, OK USA"]
[Date "2000.09.21"]
[White "Sunsetter"]
[WhiteElo "2335"]
[Black "LSS"]
[BlackElo "2435"]
[TimeControl "180+0"]
[Result "1-0"]

1. e4 a6 2. d4 e6 3. Nc3 d5 4. exd5 exd5 5. Qe2+ P@e4 6. P@c4 
Bb4 7. cxd5 Qxd5 8. Bd2 Bxc3 9. Bxc3 Ne7 10. B@e5 N@e6 11. P@c4 Qd8 
12. d5 P@f6 13. dxe6 Bxe6 14. Bxf6 gxf6 15. P@g7 Rg8 16. Bxf6 B@a5+ 17. P@c3 
Nbc6 18. Rd1 P@d6 19. Qxe4 Qd7 20. P@d5 O-O-O 21. Qxh7 Bf5 22. P@g6 Bxg6 
23. Qh3 Bxc2 24. dxc6 Nxc6 25. Bxd8 Qxh3 26. R@a8+ Kd7 27. N@c5+ Ke8 28. N@f6# 
{LSS checkmated} 1-0

[Event "fics rated crazyhouse match"]
[Site "fics, Oklahoma City, OK USA"]
[Date "2000.09.21"]
[White "LSS"]
[WhiteElo "2425"]
[Black "Sunsetter"]
[BlackElo "2345"]
[TimeControl "180+0"]
[Result "1-0"]

1. e3 e6 2. d4 Nf6 3. Nf3 Nc6 4. Bd3 d5 5. O-O Bd7 6. Re1 
Nb4 7. Nbd2 Nxd3 8. cxd3 Ng4 9. h3 Nh6 10. Nf1 Bc6 11. Ng3 Bd6 
12. N@e5 Bxe5 13. Nxe5 Bb5 14. a4 Ba6 15. B@b5+ Bxb5 16. axb5 B@h4 17. e4 
Bxg3 18. fxg3 B@b6 19. B@f2 N@g8 20. B@g5 N@f6 21. Bxh6 Nxh6 22. Bxh6 gxh6 
23. N@g7+ Kf8 24. N@h5 Nxh5 25. Nxh5 B@e8 26. exd5 Bxb5 27. P@g7+ Ke7 28. gxh8=Q 
Qxh8 29. dxe6 fxe6 30. R@f7+ Kd8 31. P@e7+ Kc8 32. Rf8+ B@e8 33. Rxh8 P@h2+ 
34. Kxh2 N@f1+ 35. Rxf1 c5 36. N@d6+ Kc7 37. dxc5 P@f6 38. Nxe8+ Bxe8 39. Q@d6+ 
Kc8 40. Rxe8+ N@d8 41. P@d7# 
{Sunsetter checkmated} 1-0

[Event "fics rated crazyhouse match"]
[Site "fics, Oklahoma City, OK USA"]
[Date "2000.09.21"]
[White "Sunsetter"]
[WhiteElo "2339"]
[Black "LSS"]
[BlackElo "2431"]
[TimeControl "180+0"]
[Result "0-1"]

1. d4 d5 2. Bf4 Nh6 3. Bxh6 gxh6 4. e3 Rg8 5. Nd2 Nd7 6. Nh3 
Nf6 7. Nf4 Bg4 8. Bb5+ B@d7 9. Bxd7+ Qxd7 10. N@f3 B@e4 11. Rf1 O-O-O 
12. B@c5 Kb8 13. Rc1 e6 14. Bxf8 Rdxf8 15. B@e5 Ne8 16. Rb1 f6 17. Nxe4 
dxe4 18. Bxf6 Rxf6 19. Ne5 Qe7 20. Nxg4 B@a6 21. B@c5 B@d6 22. Bxd6 cxd6 
23. Nxf6 Nxf6 24. R@a4 B@b5 25. Rxa6 Bxa6 26. B@e2 Bxe2 27. Qxe2 B@a6 28. P@b5 
Rxg2 29. bxa6 N@f3+ 30. Kd1 R@d2+ 31. Qxd2 Nxd2 32. R@h8+ Rg8 33. Rxg8+ Nxg8 
34. Kxd2 N@c4+ 35. Kc3 Q@d2+ 36. Kxc4 d5+ 37. Nxd5 exd5+ 38. Kxd5 P@c6+ 39. Kc4 
Qeb4# 
{Sunsetter checkmated} 0-1

[Event "fics rated crazyhouse match"]
[Site "fics, Oklahoma City, OK USA"]
[Date "2000.09.21"]
[White "LSS"]
[WhiteElo "2437"]
[Black "Sunsetter"]
[BlackElo "2333"]
[TimeControl "180+0"]
[Result "0-1"]

1. Nf3 e6 2. e4 Nc6 3. b3 Nf6 4. d3 d5 5. Nbd2 Ng4 6. h3 
Nxf2 7. Kxf2 Bc5+ 8. Ke1 P@f2+ 9. Ke2 Nd4+ 10. Nxd4 Bxd4 11. N@e3 N@c3+ 
12. Kxf2 Nxd1+ 13. Ke2 Nxe3 14. Ba3 N@g3+ 15. Ke1 Nxg2# 
{LSS resigns} 0-1

[Event "fics rated crazyhouse match"]
[Site "fics, Oklahoma City, OK USA"]
[Date "2000.09.21"]
[White "Sunsetter"]
[WhiteElo "2343"]
[Black "LSS"]
[BlackElo "2427"]
[TimeControl "180+0"]
[Result "0-1"]

1. e4 a6 2. d4 e6 3. Nf3 Nf6 4. Bg5 Be7 5. Nc3 b5 6. e5 
Nd5 7. Ne4 Bxg5 8. Nfxg5 Bb7 9. B@h5 B@g6 10. Bxg6 hxg6 11. Rb1 Nc6 
12. Rc1 B@f4 13. Nf3 Nce7 14. Ra1 Nf5 15. Nc5 Rb8 16. Rb1 d6 17. Nxb7 
Rxb7 18. B@c6+ Kf8 19. Bxb7 dxe5 20. dxe5 P@e3 21. B@c5+ Kg8 22. fxe3 Bxe3 
23. R@f8+ Qxf8 24. Bxf8 P@f2+ 25. Ke2 N@f4# 
{Sunsetter checkmated} 0-1

[Event "fics rated crazyhouse match"]
[Site "fics, Oklahoma City, OK USA"]
[Date "2000.09.21"]
[White "LSS"]
[WhiteElo "2433"]
[Black "Sunsetter"]
[BlackElo "2337"]
[TimeControl "180+0"]
[Result "1-0"]

1. e4 Nf6 2. Nc3 e6 3. e5 Nd5 4. Nxd5 exd5 5. d4 d6 6. Nf3 
dxe5 7. Nxe5 P@f6 8. Nxf7 Kxf7 9. Bd3 Qe8+ 10. Qe2 Qxe2+ 11. Bxe2 Q@b4+ 
12. P@c3 Qa5 13. N@d8+ Ke7 14. Nxb7 Bxb7 15. O-O N@e4 16. P@f3 Nxc3 17. bxc3 
Qxc3 18. Bf4 N@d6 19. P@e5 fxe5 20. dxe5 Qxc2 21. exd6+ cxd6 22. Rfe1 P@e5 
23. Bb5 Nd7 24. Bxd7 Kxd7 25. Q@f7+ B@e7 26. P@e6+ Kd8 27. N@a5 exf4 28. Nxb7+ 
Kc7 29. Na5 N@e2+ 30. Kh1 B@e8 31. N@a6+ Kb6 32. Rab1+ Kxa5 33. N@b3+ Kxa6 
34. B@b7+ Kxb7 35. Nd4+ N@b2 36. Nxc2 Bxf7 37. Rxb2+ B@b6 38. N@a5+ Kc7 39. Q@b7+ 
Kd8 40. Qd7# 
{Sunsetter checkmated} 1-0

[Event "fics rated crazyhouse match"]
[Site "fics, Oklahoma City, OK USA"]
[Date "2000.09.21"]
[White "Sunsetter"]
[WhiteElo "2331"]
[Black "LSS"]
[BlackElo "2439"]
[TimeControl "180+0"]
[Result "1-0"]

1. d4 e6 2. e4 d5 3. e5 Bd7 4. Nh3 c5 5. dxc5 Bxc5 6. P@d6 
Nc6 7. Qg4 Kf8 8. Qf4 Nd4 9. Qd2 Nc6 10. Qe2 Nd4 11. Bg5 Nxe2 
12. Bxd8 Nd4 13. Be7+ Nxe7 14. Q@d2 Nef5 15. Ng5 B@h6 16. h4 Rc8 17. Nc3 
Bb4 18. Rh3 P@g4 19. Rd3 Bxc3 20. Rxc3 Rxc3 21. B@e7+ Nxe7 22. dxe7+ Kxe7 
23. bxc3 Nf5 24. N@d6 Nxd6 25. exd6+ Kxd6 26. Nxf7+ Ke7 27. Nxh6 R@e5+ 28. R@e2 
N@e4 29. B@b4+ P@d6 30. Bxd6+ Kxd6 31. N@c4+ Kc7 32. P@d6+ Kb8 33. Nxe5 Nxd2 
34. Nxd7+ Ka8 35. Rxd2 B@a5 36. Nxg4 Q@b2 37. N@b3 Qxc3 38. R@e3 Qxa1+ 39. Nxa1 
Bxd2+ 40. Kxd2 N@b1+ 41. Kc1 B@d2+ 42. Kd1 Q@c1+ 43. Ke2 Qe1+ 44. Kf3 P@e4+ 
45. Kg3 
{LSS forfeits on time} 1-0

[Event "fics rated crazyhouse match"]
[Site "fics, Oklahoma City, OK USA"]
[Date "2000.09.21"]
[White "LSS"]
[WhiteElo "2429"]
[Black "Sunsetter"]
[BlackElo "2341"]
[TimeControl "180+0"]
[Result "1-0"]

1. e4 e5 2. Nf3 Nc6 3. Bc4 d6 4. d3 Bg4 5. Nc3 Nd4 6. Bxf7+ 
Kxf7 7. Nxd4 Bxd1 8. P@e6+ Ke8 9. Kxd1 B@g4+ 10. B@f3 exd4 11. Bxg4 N@e5 
12. B@d7+ Nxd7 13. exd7+ Kf7 14. N@g5+ Qxg5 15. Bxg5 B@f3+ 16. gxf3 N@e3+ 17. fxe3 
Be7 18. B@e6+ Kf8 19. Q@f7# 
{Sunsetter checkmated} 1-0

[Event "fics rated crazyhouse match"]
[Site "fics, Oklahoma City, OK USA"]
[Date "2000.09.21"]
[White "Sunsetter"]
[WhiteElo "2335"]
[Black "LSS"]
[BlackElo "2435"]
[TimeControl "180+0"]
[Result "0-1"]

1. Nf3 a6 2. e4 e6 3. Nc3 d5 4. exd5 exd5 5. d4 Bb4 6. Qe2+ 
Qe7 7. Qxe7+ Nxe7 8. Bd2 Nbc6 9. Q@g5 Q@g6 10. Qxg6 hxg6 11. Q@f4 Bxc3 
12. Bxc3 N@e6 13. Qd2 Nf5 14. B@a4 Bd7 15. Bxc6 Bxc6 16. P@e3 P@f6 17. N@a5 
O-O 18. Bb4 B@d6 19. Nxc6 bxc6 20. Bxd6 cxd6 21. B@d3 B@e4 22. Bxa6 Bxf3 
23. gxf3 Nh4 24. Qd1 N@g2+ 25. Bxg2 Nxg2+ 26. Kf1 B@h3 27. P@h7+ Kxh7 28. Ke2 
Rxa6 29. B@e7 Re8 30. Bxd6 P@e4 31. fxe4 dxe4 32. N@g1 Bg4+ 33. P@f3 exf3+ 
34. Nxf3 Bxf3+ 35. Kxf3 Nh4+ 36. Ke2 B@f3+ 37. Ke1 N@e4 38. B@e2 N@g2+ 39. Kf1 
Nxe3+ 40. fxe3 Q@f2# 
{Sunsetter checkmated} 0-1

[Event "fics rated crazyhouse match"]
[Site "fics, Oklahoma City, OK USA"]
[Date "2000.09.21"]
[White "LSS"]
[WhiteElo "2441"]
[Black "Sunsetter"]
[BlackElo "2329"]
[TimeControl "180+0"]
[Result "1-0"]

1. e4 e6 2. d4 d6 3. c4 Nc6 4. Nc3 e5 5. d5 Nd4 6. Nge2 
Bg4 7. Qa4+ c6 8. Nxd4 exd4 9. dxc6 dxc3 10. cxb7+ Bd7 11. bxa8=Q Bxa4 
12. Qxd8+ Kxd8 13. N@b7+ Kc7 14. Q@d8+ Kxb7 15. R@b8+ Kc6 16. P@d5+ Kc5 17. Be3+ 
P@d4 18. b4# 
{Sunsetter checkmated} 1-0

[Event "fics rated crazyhouse match"]
[Site "fics, Oklahoma City, OK USA"]
[Date "2000.09.21"]
[White "Sunsetter"]
[WhiteElo "2323"]
[Black "LSS"]
[BlackElo "2447"]
[TimeControl "180+0"]
[Result "0-1"]

1. e4 e6 2. d4 Nf6 3. Bd3 d5 4. Nd2 Nc6 5. c3 dxe4 6. Nxe4 
Nxe4 7. Bxe4 Bd7 8. Nh3 f5 9. Bf3 Be7 10. Bh5+ P@g6 11. Bf3 O-O 
12. Qe2 Rb8 13. Nf4 Rf6 14. P@g5 Rf8 15. Bxc6 bxc6 16. Nxe6 Bxe6 17. Qxe6+ 
B@f7 18. Qe2 Bxg5 19. Bxg5 Qxg5 20. P@e6 Bxe6 21. Qxe6+ B@f7 22. N@e7+ Kh8 
23. N@f3 Qxg2 24. Qe2 Qxh1+ 25. B@f1 P@g2 26. Nxg6+ hxg6 27. O-O-O R@a1+ 28. B@b1 
Bxa2 29. B@d3 N@b3+ 30. Kc2 Bxb1+ 31. Rxb1 Rxb1 32. Bb5 gxf1=Q 33. Qxf1 Qxf1 
34. B@c1 Qxc1+ 35. Kd3 Q@e4+ 36. Kc4 cxb5+ 37. Kb4 Qxb2 38. P@b6 P@a5+ 39. Kxb5 
c6+ 40. Ka6 Nc5+ 41. dxc5 Rxb6+ 42. Kxa7 R@a6# 
{Sunsetter checkmated} 0-1

[Event "fics rated crazyhouse match"]
[Site "fics, Oklahoma City, OK USA"]
[Date "2000.09.21"]
[White "LSS"]
[WhiteElo "2452"]
[Black "Sunsetter"]
[BlackElo "2318"]
[TimeControl "180+0"]
[Result "1-0"]

1. Nc3 d5 2. d4 Nf6 3. Nf3 Bf5 4. e3 Bg4 5. Be2 e6 6. O-O 
Nbd7 7. h3 Bh5 8. Re1 Ne4 9. Nxe4 dxe4 10. Nd2 Bg6 11. N@g3 Nf6 
12. c4 Bd6 13. Qa4+ Kf8 14. c5 Bxg3 15. fxg3 N@f5 16. Nf1 Rg8 17. Bd2 
Ne7 18. B@e5 Ne8 19. Bb4 Nc6 20. a3 Nxe5 21. dxe5 N@c6 22. N@c4 Rb8 
23. Rad1 B@d3 24. Bxd3 exd3 25. B@d6+ cxd6 26. cxd6 Nxd6 27. Bxd6+ B@e7 28. P@c7 
P@h2+ 29. Kxh2 B@g1+ 30. Kxg1 Qxc7 31. Bxc7 P@f2+ 32. Kxf2 Rc8 33. P@d6 Rxc7 
34. dxc7 B@d7 35. P@d6 b5 36. dxe7+ Kxe7 37. B@d6+ Ke8 38. Q@e7+ Nxe7 39. R@d8# 
{Sunsetter checkmated} 1-0

[Event "fics rated crazyhouse match"]
[Site "fics, Oklahoma City, OK USA"]
[Date "2000.09.21"]
[White "Sunsetter"]
[WhiteElo "2313"]
[Black "LSS"]
[BlackElo "2457"]
[TimeControl "180+0"]
[Result "1-0"]

1. e4 e6 2. d4 a6 3. Bd3 Nf6 4. e5 Nd5 5. Nh3 d6 6. Bg5 
Be7 7. Bxe7 Qxe7 8. B@g5 f6 9. Qh5+ Kd8 10. exf6 gxf6 11. Be3 B@e8 
12. Qe2 Nc6 13. Rg1 Rg8 14. Bc4 Nb6 15. Nd2 Bcd7 16. Nf4 Nxc4 17. Nxc4 
d5 18. Nd2 P@e5 19. dxe5 fxe5 20. Nh3 B@g4 21. Nf3 e4 22. P@f6 Qxf6 
23. P@f7 Bxf7 24. Bg5 Rxg5 25. Nhxg5 B@a5+ 26. Kf1 exf3 27. gxf3 N@f4 28. R@f8+ 
Bde8 29. Nxf7+ Qxf7 30. B@g5+ N@e7 31. Rxe8+ Kxe8 32. Bxf4 P@h3 33. Rxg4 P@g2+ 
34. Rxg2 hxg2+ 35. Kxg2 Qxf4 36. N@g7+ Kf7 37. Qxe6+ Kxg7 38. N@h5+ Kf8 39. P@g7+ 
Ke8 40. g8=Q+ R@f8 41. P@f7+ Kd8 42. Qxf8+ N@e8 43. fxe8=Q# 
{LSS checkmated} 1-0